 Dungeon Crawl Stone Soup version 0.24-a0-102-g7635c99 (webtiles) character file.

Game seed: 17863071693267178044

137 galech the Skirmisher (level 5, 41/41 HPs)
             Began as a Demonspawn Fighter on Feb 12, 2019.
             Quit the game on level 2 of the Dungeon.
             The game lasted 00:01:32 (1664 turns).

galech the Skirmisher (Demonspawn Fighter)          Turns: 1664, Time: 00:01:33

Health: 41/41      AC:  6    Str: 16    XL:     5   Next: 0%
Magic:  5/5        EV:  7    Int: 10    God:
Gold:   98         SH:  9    Dex: 13    Spells: 4/4 levels left

rFire    . . .     SeeInvis .   a - +0 war axe
rCold    . . .     Gourm    .   c - +0 shield
rNeg     . . .     Faith    .   b - +0 scale mail
rPois    .         Spirit   .   (no helmet)
rElec    .         Reflect  .   (no cloak)
rCorr    .         Harm     .   (no gloves)
MR       .....                  (no boots)
Stlth    ..........             (no amulet)
HPRegen  0.13/turn              (no ring)
MPRegen  0.09/turn              (no ring)

@: no status effects
A: hooves 1, spiny 1
a: no special abilities


You were on level 2 of the Dungeon.
You were not hungry.

You visited 1 branch of the dungeon, and saw 2 of its levels.

You collected 98 gold pieces.

Inventory:

Hand Weapons
 a - a +0 war axe (weapon)
Armour
 b - a +0 scale mail (worn)
 c - a +0 shield (worn)
Scrolls
 e - a scroll of enchant armour {unknown}
 j - 2 scrolls of teleportation {unknown}
 k - a scroll of immolation {unknown}
 l - a scroll of magic mapping {unknown}
 m - a scroll of fear {unknown}
 n - a scroll of identify {unknown}
Potions
 d - 2 potions of might
 g - 2 potions of curing {unknown}
 h - a potion of ambrosia {unknown}
Comestibles
 f - 3 rations
 i - 2 chunks of flesh


   Skills:
 + Level 3.6 Fighting
 + Level 3.1 Axes
 + Level 3.3 Armour
 + Level 0.4 Dodging
 + Level 3.3 Shields


You had 4 spell levels left.
You didn't know any spells.
Your spell library was empty.

Dungeon Overview and Level Annotations

Branches:
Dungeon (2/15)

Altars:


Innate Abilities, Weirdness & Mutations

You have large cloven feet.
You are partially covered in sharp spines.


Message History

No target in view!
No target in view!
No target in view!
No target in view!
No target in view!
No target in view!
You see here a frilled lizard corpse.
You butcher the frilled lizard corpse.
i - 3 chunks of flesh (gained 1)
You see here a frilled lizard skeleton.
Eating one of 3 chunks of flesh.
You eat one of the 3 chunks of flesh.
This raw flesh tastes terrible.
There is a stone staircase leading down here.
Found an escape hatch in the floor.
j - 2 scrolls labeled EGAOTO COKUIL (gained 1)
There is an escape hatch in the floor here.
You open the door.
There is an open door here.
A bat comes into view.
Are you sure you want to abandon this character and quit the game? (Confirm with "yes".)

######### #####
#..b....# #...#
#@# #####'#.## #.#
#...#.#... #.#
#.#.#.#... #.#
#.#.#.#... #.#
#.#.#.#... #.#
#.#...#... #.#
#.#####...
#.#######.#...###.
#.##....#.#.#.#...


You could see a bat.

Vanquished Creatures
  An ogre (D:2)
  An adder (D:2)
  A worm (D:2)
  2 dart slugs
  A leopard gecko (D:2)
  A ball python (D:2)
  2 bats
  3 giant cockroaches
  8 goblins
  A hobgoblin (D:2)
  3 frilled lizards
  5 kobolds
  7 rats
36 creatures vanquished.

Notes
Turn   | Place    | Note
-------+----------+-------------------------------------------
     0 | D:1      | galech the Demonspawn Fighter began the quest for the Orb.
     0 | D:1      | Reached XP level 1. HP: 18/18 MP: 1/1
   220 | D:1      | Gained mutation: You have large cloven feet. [demonic
                  | ancestry]
   220 | D:1      | Reached XP level 2. HP: 17/24 MP: 2/2
  1055 | D:2      | Noticed an ogre
  1064 | D:2      | Killed an ogre
  1064 | D:2      | Reached XP level 3. HP: 27/29 MP: 3/3
  1064 | D:2      | Reached XP level 4. HP: 33/35 MP: 4/4
  1582 | D:2      | Gained mutation: You are partially covered in sharp spines.
                  | [demonic ancestry]
  1582 | D:2      | Reached XP level 5. HP: 38/41 MP: 5/5
  1664 | D:2      | Quit the game

Levels and vault maps discovered:
D:1:      giann_horns, layout_loops_corners
D:2:      layout_basic, roderic_serpentine_path

Skill      XL: |  1  2  3  4 |
---------------+-------------+-----
Shields        | 3 |  3.3
Axes           | 2 3 |  3.1
Armour         | 3 |  3.3
Fighting       | |  3.6
Dodging        | |  0.4

Action                   |  1- 3 |  4- 6 || total
-------------------------+-------+-------++-------
Melee: War axe           |    83 |    35 ||   118
       Kick              |    15 |     4 ||    19
  Eat: Chunk             |     1 |     2 ||     3
Armor: Scale mail        |    35 |     9 ||    44
Dodge: Dodged            |    13 |    19 ||    32
Block: Shield            |    39 |    13 ||    52

Table legend:
 A = Non-vault XP
 B = Vault XP
 C = Vault XP percentage of total XP
 D = Non-vault monster count
 E = Vault monster count
 F = Vault count percentage of total count
                 A         B        C        D         E       F
            +---------+---------+-------+---------+---------+-------
      Total |     197 |       0 |   0.0 |      36 |       0 |   0.0
            +---------+---------+-------+---------+---------+-------
        D:1 |      30 |       0 |   0.0 |      17 |       0 |   0.0
        D:2 |     167 |       0 |   0.0 |      19 |       0 |   0.0
            +---------+---------+-------+---------+---------+-------
